 Dungeon Crawl Stone Soup version 0.21-a0-78-g82a99e0 (webtiles) character file.

25 4thArraOfDagon the Skirmisher (level 2, -2/24 HPs)
             Began as a Demonspawn Abyssal Knight on June 21, 2017.
             Was a Follower of Lugonu.
             Slain by a worm (8 damage)
             ... on level 2 of the Dungeon.
             The game lasted 00:01:26 (467 turns).

4thArraOfDagon the Skirmisher (DsAK)                 Turns: 467, Time: 00:01:27

Health: -2/24      AC:  4    Str: 12    XL:     2   Next: 86%
Magic:  4/4        EV: 11    Int: 13    God:    Lugonu [*.....]
Gold:   24         SH:  0    Dex: 12    Spells: 1/1 levels left

rFire    . . .     SeeInvis .   a - +1 falchion
rCold    . . .     Gourm    .   (no shield)
rNeg     . . .     Faith    .   b - +0 leather armour
rPois    .         Spirit   .   (helmet restricted)
rElec    .         Reflect  .   (no cloak)
rCorr    .         Harm     .   (no gloves)
MR       .....                  d - +0 pair of boots
Stlth    +.........             (no amulet)
HPRegen  0.08/turn              (no ring)
MPRegen  0.09/turn              (no ring)

@: lethally poisoned (-2 -> -6)
A: antennae 1
a: Depart the Abyss, Renounce Religion


You were on level 2 of the Dungeon.
You worshipped Lugonu.
Lugonu was aware of your devotion.
You were not hungry.

You visited 1 branch of the dungeon, and saw 3 of its levels.
You visited the Abyss 1 time.

You collected 24 gold pieces.

Inventory:

Hand Weapons
 a - a +1 falchion (weapon)
Armour
 b - a +0 leather armour (worn)
 d - a +0 pair of boots (worn)
 f - a cursed +0 helmet
Scrolls
 e - a scroll of remove curse {unknown}
 g - a scroll of random uselessness {unknown}
 h - a scroll of blinking {unknown}
 i - a scroll of magic mapping {unknown}
 j - 2 scrolls of identify {unknown}
Comestibles
 c - a bread ration


   Skills:
 - Level 3.0 Fighting
 * Level 2.5 Long Blades
 + Level 2.0 Armour
 + Level 1.1 Dodging
 + Level 3.0 Invocations


You had one spell level left.
You didn't know any spells.

Dungeon Overview and Level Annotations

Branches:
Dungeon (3/15)

Altars:
Xom
Zin


Innate Abilities, Weirdness & Mutations

You have a pair of small antennae on your head.


Message History

You are more poisoned.
The adder poisons you! The adder closely misses you.
Unknown command.
You miss the adder.
The adder is almost dead.
You feel sick. The adder bites you but does no damage. The worm bites you.
Unknown command.
You hit the adder.
You kill the adder!
Lugonu accepts your kill.
You can now depart the Abyss.
Your Armour skill increases to level 2!
Your Invocations skill increases to level 3!
Unknown command.
You feel sick. The goblin hits you but does no damage.
You see here an adder corpse.
Unknown command.
You closely miss the goblin.
You feel sick. The goblin hits you.
* * * LOW HITPOINT WARNING * * *
The goblin barely misses you. The worm bites you!
You die...

## S.###
######### ...##
#.....g.# #..#
#.#####w# ##.##
#. #@# ##S#^##
#. #g# ##≈†≈_≈##
#. #.# #≈≈l≈≈_##
w.
#.####..≈≈♣._###
#.
..##..≈#._♣....#
#.
...#.#.__....#..
.....#.._.#♣.#..
..<.####.#≈.≈##
..... ##.).##


You could see a worm and 2 goblins.

Vanquished Creatures
  2 adders (D:2)
  A giant cockroach (D:2)
  A goblin (D:2)
  A hobgoblin (D:2)
  2 kobolds (D:2)
  A bat (D:2)
  A rat (D:2)
9 creatures vanquished.

Notes
Turn   | Place    | Note
-------+----------+-------------------------------------------
     0 | Abyss:1  | 4thArraOfDagon the Demonspawn Abyssal Knight began the quest for the Orb.
     0 | Abyss:1  | Reached XP level 1. HP: 18/18 MP: 2/2
    42 | Abyss:1  | Noticed a small abomination
    54 | Abyss:1  | Noticed a raiju
    55 | D:1      | Escaped the Abyss
   194 | D:2      | Found a glowing silver altar of Zin.
   218 | D:2      | Reached skill level 1 in Dodging
   218 | D:2      | Gained mutation: You have a pair of small antennae on your head. [demonic ancestry]
   218 | D:2      | Reached XP level 2. HP: 8/24 MP: 4/4
   419 | D:2      | Found a shimmering altar of Xom.
   420 | D:2      | Found a shimmering altar of Xom.
   420 | D:2      | Found a shimmering altar of Xom.
   421 | D:2      | Found a shimmering altar of Xom.
   422 | D:2      | Found a shimmering altar of Xom.
   423 | D:2      | Found a shimmering altar of Xom.
   427 | D:2      | Found a shimmering altar of Xom.
   465 | D:2      | Reached * piety under Lugonu
   467 | D:2      | Slain by a worm

Vault maps used:
D:1:      scummos_arrival_hexagon
D:2:      lemuel_doored_altar, xom_redecorated
D:3:      uniq_robin

Skill      XL: |  1  2 |
---------------+-------+-----
Long Blades    | 2 |  2.5
Dodging        | 1 |  1.1
Armour         | 2 |  2.0
Invocations    | 3 |  3.0
Fighting       | |  3.0

Action                   || total
-------------------------++-------
Melee: Falchion          ||    31
Invok: Depart the Abyss  ||     1
Armor: Leather armour    ||     7
Dodge: Dodged            ||    23
       Rpst.: Falchion   ||    10
